 Dungeon Crawl Stone Soup version 0.32-a0-994-gabb26cbae4 (webtiles) character file.

Game seed: 451079551898253485

1108 Revguard the Ruffian (level 8, -5/67 HPs)
             Began as a Yellow Draconian Shapeshifter on Apr 22, 2024.
             Succumbed to a water moccasin's poison
             ... on level 5 of the Dungeon.
             The game lasted 00:12:31 (5340 turns).

Revguard the Ruffian (DrSh)                         Turns: 5340, Time: 00:12:32

Health: -5/67      AC:  6    Str: 15 (16) XL:     8   Next: 11%
Magic:  8/8        EV: 12    Int:  8 (11) God:
Gold:   146        SH:  0    Dex: 10 (13) Spells: 7/7 levels left

rFire   . .          .
                       - Unarmed
rCold   . . .        (no shield)
rNeg    . . .        (body armour unavailable)
rPois   .            (helmet currently unavailable)
rElec   .            (cloak currently unavailable)
rCorr   +            (gloves currently unavailable)
SInv    .            (boots currently unavailable)
Will    .....        (no amulet)
Stlth   ++           (no ring)
HPRegen 0.31/turn    (no ring)
MPRegen 0.11/turn

%: no passive effects
@: mighty, lethally poisoned (-5 -> -31), beast-form, attractive
A: beast (slay +2), caustic breath, AC +6, unfitting armour, cold-blooded, acid
resistance
a: Caustic Breath, Begin Untransformation


You were on level 5 of the Dungeon.
You were a hulking beast.
You visited 1 branch of the dungeon, and saw 5 of its levels.
You also visited: Sewer.

You collected 146 gold pieces.

Inventory:

Armour
 m - a +0 pair of boots
Talismans
 b - a beast talisman (active)
 c - a flux talisman
Wands
 a - a wand of flame (19) (quivered)
 h - a wand of digging (4)
Scrolls
 d - a scroll of amnesia {unknown}
 e - a scroll of poison {unknown}
 f - 6 scrolls of teleportation
 g - 2 scrolls of fear
 j - a scroll of vulnerability {unknown}
 q - a scroll of torment
Potions
 n - 2 potions of degeneration
 o - a potion of brilliance
 p - a potion of haste


   Skills:
 * Level 4.7 Fighting
 * Level 4.0 Dodging
 + Level 2.6 Stealth
 * Level 5.3 Unarmed Combat
 + Level 2.7 Evocations
 * Level 4.9 Shapeshifting


You had 7 spell levels left.
You didn't know any spells.
Your spell library contained the following spells:

 Spells                   Type           Power      Damage    Failure   Level
 Magic Dart               Conj           0%         1d3       41%         1
 Blink                    Tloc           0%         N/A       54%         2
 Call Imp                 Summ           0%         N/A       54%         2
 Ensorcelled Hibernation  Hex/Ice        0%         N/A       54%         2
 Fugue of the Fallen      Necr           0%         N/A       78%         3
 Anguish                  Hex/Necr       0%         N/A       99%         4


Dungeon Overview and Level Annotations

Branches:
Dungeon (5/15)              Sewer (visited)
 Temple: D:4-7

Altars:
Qazlal


Innate Abilities, Weirdness & Mutations

You are a hulking beast.
Your limbs bulge with bestial killing power. (Slay +2)
You can breathe corrosive fumes.
Your golden yellow scales are hard. (AC +6)
You cannot fit into any form of body armour.
You are cold-blooded and may be slowed by cold attacks.
You are resistant to acid. (rCorr)


Message History

You are lethally poisoned!
The water moccasin poisons you!
Okay, then.
Aiming: Caustic Breath
Press: ? - help, Shift-Dir - straight line, f - water moccasin
Aim: a water moccasin (moderately wounded, 84% to hit)
You breathe a spray of caustic vapour.
The acid spray hits the water moccasin!
The water moccasin is severely wounded.
You feel extremely sick. The water moccasin bites you.
It was a potion of degeneration.
There was something very wrong with that liquid.
You feel weakened.
You feel dopey.
You feel clumsy.
* * * LOW HITPOINT WARNING * * *
You feel very sick. The water moccasin closely misses you.
It was a potion of brilliance.
You feel clever all of a sudden.
* * * LOW HITPOINT WARNING * * *
You feel very sick.
The water moccasin closely misses you. x2
It was a potion of cancellation.
Your magical effects are unravelling.
You feel magically purged.
You feel a little less clever now.
* * * LOW HITPOINT WARNING * * *
You feel very sick. The water moccasin closely misses you.
It was a potion of attraction.
You feel attractive to monsters.
* * * LOW HITPOINT WARNING * * *
You feel very sick.
The water moccasin bites you but does no damage.
The water moccasin bites you.
* * * LOW HITPOINT WARNING * * *
You are more poisoned.
The water moccasin poisons you!
It was a potion of might.
You feel very mighty all of a sudden.
You die...

########.####
##...........#
..○.[........#
#.○.........#
#..○........#
#...○.......#
#....S......#
#.....h.....#
######...#### ..
######...#####.#.
#.................
...####.........#
#.. ####.######
#...###....#
..........##
..##>....#


You could see a water moccasin.

Vanquished Creatures
  Grinder (D:4)
  3 kobold brigands (Sewer)
  2 brain worms (Sewer)
  A scorpion (D:4)
  A bombardier beetle (D:4)
  3 hounds (D:4)
  Natasha (twice) (D:4)
  2 orc wizards
  11 adders
  5 river rats
  3 ribbon worms
  5 dart slugs
  10 orcs
  7 ball pythons
  3 bats
  5 endoplasms
  11 giant cockroaches
  13 goblins
  9 hobgoblins
  8 jackals
  6 quokkas
  7 frilled lizards
  10 kobolds
  13 rats
141 creatures vanquished.

Notes
Turn   | Place    | Note
-------+----------+-------------------------------------------
     0 | D:1      | Revguard the Draconian Shapeshifter began the quest for the
                  | Orb.
     0 | D:1      | Reached XP level 1. HP: 16/16 MP: 1/1
   161 | D:1      | Reached XP level 2. HP: 17/23 MP: 2/2
   939 | D:2      | Reached XP level 3. HP: 26/29 MP: 3/3
  1080 | D:2      | Reached skill level 1 in Evocations
  1145 | D:2      | Reached XP level 4. HP: 28/36 MP: 4/4
  1518 | D:2      | Reached skill level 1 in Stealth
  1594 | D:2      | Noticed a shining eye
  1597 | D:2      | Found a faded altar of an unknown god.
  1601 | D:2      | Noticed a glass eye
  1601 | D:2      | Noticed a golden eye
  1601 | D:2      | Noticed a great orb of eyes
  2261 | D:3      | Found a stormy altar of Qazlal.
  2470 | D:3      | Reached XP level 5. HP: 42/42 MP: 5/5
  2491 | D:3      | Found a glowing drain.
  2514 | Sewer    | Entered a sewer
  2581 | Sewer    | Reached skill level 4 in Unarmed Combat
  2905 | Sewer    | Reached XP level 6. HP: 33/51 MP: 6/6
  3311 | Sewer    | Your scales start taking on a golden yellow colour.
  3311 | Sewer    | Reached XP level 7. HP: 46/58 MP: 7/7
  3311 | Sewer    | Gained mutation: You are resistant to acid. (rCorr) [Yellow
                  | Draconian growth]
  4152 | D:4      | Noticed Grinder
  4156 | D:4      | Paralysed by Grinder for 2 turns
  4165 | D:4      | Killed Grinder
  4514 | D:4      | Noticed Natasha
  4523 | D:4      | Killed Natasha
  4524 | D:4      | Reached skill level 5 in Unarmed Combat
  4791 | D:4      | Reached XP level 8. HP: 52/67 MP: 8/8
  5090 | D:4      | Noticed Natasha
  5096 | D:4      | Killed Natasha
  5212 | D:5      | Entered Level 5 of the Dungeon
  5339 | D:5      | HP: 1/67 [water moccasin (4)]
  5340 | D:5      | Succumbed to a water moccasin's poison

Illustrated notes

Levels and vault maps discovered:
D:1:      minmay_arrival_split_and_join, layout_loops_cross
D:2:      minmay_razor_zed, layout_basic, hellmonk_ecumenical_altar_watching_god
D:3:      layout_loops_ring, mainiacjoe_overflow_boulevard,
          gup_sewer_entry_bubbles, minmay_tree_intersection
D:4:      layout_basic, minmay_joined_circles, uniq_natasha, uniq_grinder
D:5:      layout_basic

Skill      XL: |  1  2  3  4  5  6  7  8 |
---------------+-------------------------+-----
Dodging        | 2 3 4 |  4.0
Fighting       | 2 3 4 |  4.7
Evocations     | 1 2 |  2.7
Stealth        | 1 2 |  2.6
Unarmed Combat | 4 5 |  5.3
Shapeshifting  | 4 |  4.9

Action                     |  1- 3 |  4- 6 |  7- 9 || total
---------------------------+-------+-------+-------++-------
  Melee: Unarmed           |   110 |   214 |   163 ||   487
         Tailslap          |    10 |    21 |    22 ||    53
         Punch             |     1 |     5 |     2 ||     8
Ability: Caustic Breath    |       |       |     2 ||     2
    Use: Scroll            |     1 |     1 |     4 ||     6
         Potion            |       |     5 |     5 ||    10
   Stab: Sleeping          |     1 |     3 |     4 ||     8
 Armour: Skin              |    63 |   108 |    72 ||   243
  Dodge: Dodged            |    55 |    94 |    57 ||   206

Table legend: (Time is in decaauts)
 A = Elapsed time spent in this place.
 B = Non-inter-level travel time spent in this place.
 C = Inter-level travel time spent in this place.
 D = Time resting spent in this place.
 E = Time spent auto-exploring this place.
 F = Levels seen in this place.
 G = Mean time per level.
                   A        B        C        D        E       F      G
               +--------+--------+--------+--------+--------+-----+--------+
         Total |   5477 |   5345 |    132 |    311 |   3598 |   6 |  912.8 |
       Dungeon |   4136 |   4004 |    132 |     94 |   2798 |   5 |  827.2 |
         Sewer |   1341 |   1341 |      0 |    217 |    800 |   1 | 1341.0 |
               +--------+--------+--------+--------+--------+-----+--------+

Top non-repeatable levels by time:
   Sewer: 1341 daAuts
     D:2: 1065 daAuts
     D:4: 1064 daAuts
     D:3: 1028 daAuts
     D:1: 852 daAuts
     D:5: 125 daAuts
